Skuld, lawful female human Valkyrie ---- ---------- ------ --..-- |........| --.--.-- ----- |....------- |..-----.---|......| |...| |.......@q.| --.--- |...--.(%..-- --- -------- --- --...| --...-----.---- --...|----....%---- --.----...|..-- --.--|....-- ---)--- |.(..----.-..|..||..[..| |...|.........| |...--.....| |...| ---.............|----[-- |.............| |.........-- ---%--- |..---........----|)--- --.........----- |.........| |...| ---- |...........-|...| |.........-- --........| ---.| ----......<..|--.----|.........| |........--- ------------- |.| --.......-| |[...--........-| |..---.....| |..--..--.|.--|.| |........-----.............| ---- |..--.------............--.------ |...---...| -----........----- ----|...........................--- |...| |...| ---......---.--- |...---.............--.--.....--- |..-- |..-- |.......|....| --..| ----.|...---..--.--.......------ ---- ----.....^...| ---- ----.----.........--....| --..|.....| ---|.......>...|---.-- ---|.....| |...|.|..|..| --- ---..-- --^---------- |..| --- ---- Skuld the Fighter Experience level: 9 Strength: 18/02 Dexterity: 14 Constitution: 18 Intelligence: 7 Wisdom: 10 Charisma: 8 Health: 0(89) Energy: 23(23) Def: 16 Gold: 1907 Moves: 7589 Dungeon seed: 7_M880o2h4Ac6LYw Game ID: Skuld_1591800712 Your Inventory: Coins $ - 1907 gold pieces Amulets O - an uncursed amulet versus poison Weapons a - the blessed rustproof +3 Excalibur (weapon in hand) b - a +0 dagger q - 8 blessed +0 darts Armor e - an uncursed +3 small shield (being worn) k - an uncursed +0 elven mithril-coat (being worn) n - an uncursed +3 leather cloak (being worn) z - an uncursed +0 pair of iron shoes (being worn) N - an uncursed +0 orcish helm (being worn) Comestibles c - 6 uncursed food rations i - 2 uncursed lichen corpses V - an uncursed carrot Scrolls p - 2 uncursed scrolls of blank paper s - a cursed scroll of teleportation w - 2 blessed scrolls of teleportation U - an uncursed scroll of earth Y - an uncursed scroll of teleportation Potions I - a blessed potion of gain ability Gems r - an uncursed luckstone Spells and supernatural/magical abilities: Name Level Category Fail Memory W - pray for help -- divine ? -- Your skills at the end: Fighting Skills Weapon Skills dagger [Basic] long sword [Expert] Spellcasting Skills Final Attributes: You were piously aligned. You were cold resistant. You were level-drain resistant. You had automatic searching. You were stealthy. You were fast. You were lucky. You had extra luck. Bad luck did not time out for you. Good luck did not time out for you. You are dead. Vanquished creatures: a giant mimic a large mimic a winter wolf 2 small mimics a pyrolisk a stone giant 4 Grey-elves a chameleon a crocodile a giant beetle a cockatrice 2 leprechauns a giant spider a black light 2 vampire bats 2 gnome kings an orc mummy a dwarf mummy a brown pudding an owlbear a gold golem a werewolf a lizard a dog a housecat 2 dwarf lords a snake a rope golem a fire ant a mountain nymph 2 rock piercers a pony 2 yellow lights 16 gnome lords 9 gnomish wizards a golden naga hatchling a gray ooze a barrow wight 2 elf zombies a ghoul a straw golem a paper golem a little dog a floating eye 9 dwarves 2 homunculi a kobold lord 9 hill orcs 3 rothes a centipede a giant bat 2 monkeys 2 dwarf zombies 2 iguanas 4 killer bees 2 acid blobs 2 coyotes 4 hobbits 7 manes a large kobold 3 giant rats a cave spider 2 yellow molds a red mold 67 gnomes 7 garter snakes 2 gnome zombies 2 geckos 12 jackals 3 foxes a goblin 4 sewer rats 5 grid bugs 5 lichens 2 kobold zombies 5 newts 252 creatures vanquished. Voluntary challenges: You were an atheist. You used a wielded weapon 303 times, starting on turn 81. You read items or engraved 9 times, starting on turn 536. You never genocided any monsters. You never polymorphed an object. You never changed form. You used no wishes. You never split a pudding. You never wrote Elbereth's name. You violated your moral code, losing 116 points of alignment, starting on turn 4639. Dungeon overview: The Dungeons of Doom: levels 1 to 8 Level 1 a long staircase Level 2 stairs to The Gnomish Mines Level 3 a scroll shop Level 4 Level 5 a general store Level 6 an altar to Odin Level 7 many fountains Level 8 stairs to Sokoban The Gnomish Mines: levels 3 to 11 Level 3 stairs to The Dungeons of Doom Level 4 Level 5 Level 6 many shops, a temple to Odin, some fountains Level 7 Level 8 Level 9 <- You were here Level 10 Level 11 Sokoban: Level 7 stairs to The Dungeons of Doom History has recorded: On T:1 you entered the Dungeons of Doom to retrieve the Amulet of Yendor! On T:328 you reached level 2 of The Dungeons of Doom. On T:626 you advanced to experience level 2. On T:660 you reached level 1 of The Gnomish Mines. On T:743 you advanced to experience level 3. On T:836 you advanced to experience level 4. On T:1233 you reached level 3 of The Dungeons of Doom. On T:1379 you reached level 4 of The Dungeons of Doom. On T:1588 you reached level 5 of The Dungeons of Doom. On T:1904 you advanced to experience level 5. On T:2156 you reached level 6 of The Dungeons of Doom. On T:2982 you reached level 7 of The Dungeons of Doom. On T:3392 you reached level 8 of The Dungeons of Doom. On T:3561 you advanced to experience level 6. On T:3661 you reached level 4 of Sokoban. On T:4352 you reached level 2 of The Gnomish Mines. On T:4553 you advanced to experience level 7. On T:4690 you reached level 3 of The Gnomish Mines. On T:4978 you reached level 4 of The Gnomish Mines. On T:5487 you reached level 5 of The Gnomish Mines. On T:5512 you advanced to experience level 8. On T:5800 you reached level 6 of The Gnomish Mines. On T:6114 you reached level 7 of The Gnomish Mines. On T:6442 you reached level 8 of The Gnomish Mines. On T:6529 you reached level 9 of The Gnomish Mines. On T:6818 you advanced to experience level 9. Score breakdown: Gold: 1907 (11159 points) Experience: 9 levels (15756 points) Exploration: 11 levels ( 23.91%) (14142 points) Discoveries: 13 items ( 5.28%) ( 6896 points) Valuables value: (no points given unless you survive) Artifact value: 4000 (12253 points) Variety of kills: 76 monsters ( 19.95%) (13398 points) Turncount: 7589 turns (-1971 points) Survival: died (score multiplied by 80%) Total score: 57306 Latest messages: Where do you want to travel to? You stop travelling. The dog misses. You hit the dog! The dog just misses! You kill the dog! Where do you want to travel to? You see here a mace. Where do you want to travel to? You stop travelling. The mastodon butts! (2x) You hit the mastodon! The mastodon butts! (2x) You hit the mastodon! The mastodon butts! (2x) You hit the mastodon! The mastodon butts! (2x) You die... Final status: Farvel Skuld the Valkyrie, killed by a mastodon... You died in The Gnomish Mines on dungeon level 9 with 57306 points, and 1907 pieces of gold, after 7589 moves. You were level 9 with a maximum of 89 hit points when you died.